PBL
MIAMI BEACH MARLINS @ AMARILLO THUNDERHEADS
07/12/2049
 
TOP OF THE 1ST
Miami Beach Marlins batting - Pitching for Amarillo ThunderHeads : RHP Gabriel Veles
Pitching: RHP Gabriel Veles
Batting: RHB Bill Atley 0-0: Called Strike
0-1: Ball
1-1: Foul Ball, location: 2F
1-2: Strikes out swinging
Batting: RHB Jim Smallwood 0-0: Ball
1-0: Foul Ball, location: 2F
1-1: Foul Ball, location: 2F
1-2: Strikes out swinging
Batting: RHB Torquato Uso 0-0: Fly out, F2 (Popup, 13S, EV 90.6 MPH)
Top of the 1st over - 0 runs, 0 hits, 0 errors, 0 left on base; Miami Beach 0 - Amarillo 0
BOTTOM OF THE 1ST
Amarillo ThunderHeads batting - Pitching for Miami Beach Marlins : RHP Ib Skovgaard
Pitching: RHP Ib Skovgaard
Batting: LHB Carlos Guajardo 0-0: Ball
1-0: Ball
2-0: Ball
3-0: Called Strike
3-1: Foul Ball, location: 2F
3-2: Strikes out looking
Batting: RHB Eddie Vanderjagt 0-0: Ball
1-0: Foul Ball, location: 2F
1-1: Called Strike
1-2: Strikes out swinging
Batting: RHB Bill Flannery 0-0: Ball
1-0: Foul Ball, location: 2F
1-1: Ball
2-1: Foul Ball, location: 2F
2-2: Ball
3-2: Base on Balls
Batting: LHB Thie Hofmann Pickoff Throw to First - Out! 1-3
Bottom of the 1st over - 0 runs, 0 hits, 0 errors, 0 left on base; Miami Beach 0 - Amarillo 0
TOP OF THE 2ND
Miami Beach Marlins batting - Pitching for Amarillo ThunderHeads : RHP Gabriel Veles
Batting: SHB Emmet Brickowski 0-0: Ball
1-0: Called Strike
1-1: Ball
2-1: Ball
3-1: Swinging Strike
3-2: Foul Ball, location: 2F
3-2: SOLO HOME RUN (Flyball, 89XD, EV 104.4 MPH), Distance : 399 ft
Batting: RHB Orlando Melendres 0-0: Ball
1-0: Called Strike
1-1: Ball
2-1: Called Strike
2-2: Ball
3-2: Base on Balls
Batting: LHB Henry Huezo 0-0: Called Strike
0-1: Ball
1-1: Fly out, F7 (Line Drive, 7, EV 111.2 MPH)
Batting: RHB Timo Myers 0-0: Called Strike
0-1: Ball
1-1: Foul Ball, location: 2F
1-2: Foul Ball, location: 2F
1-2: Ball
2-2: Ball
3-2: SINGLE (Line Drive, 7S, EV 95.6 MPH)
Orlando Melendres to second
Batting: RHB Dustin Baker 0-0: Ball
1-0: Ball
2-0: Ball
3-0: Called Strike
3-1: Foul Ball, location: 2F
3-2: Base on Balls
Orlando Melendres to third
Timo Myers to second
Batting: RHB Mike Day 0-0: Ball
1-0: Foul Ball, location: 2F
1-1: Foul Ball, location: 2F
1-2: SINGLE (Line Drive, 89M, EV 101.9 MPH)
Orlando Melendres scores
Timo Myers to third
Dustin Baker to second
Batting: RHB Bill Atley 0-0: Ball
1-0: Ball
2-0: Called Strike
2-1: Called Strike
2-2: Ball
3-2: Base on Balls
Timo Myers scores
Dustin Baker to third
Mike Day to second
Batting: RHB Jim Smallwood 0-0: Ball
1-0: Ball
2-0: Ball
3-0: Base on Balls
Dustin Baker scores
Mike Day to third
Bill Atley to second
Batting: RHB Torquato Uso 0-0: Foul Ball, location: 2F
0-1: Called Strike
0-2: Foul Ball, location: 2F
0-2: Ball
1-2: Foul Ball, location: 2F
1-2: DOUBLE (Groundball, 3L, EV 98.1 MPH)
Mike Day scores
Bill Atley scores
Jim Smallwood to third
Runner from 3rd tries for Home, throw by RF and OUT! 9-4-2
Torquato Uso to third
Pitching: RHP Dan Corrow
Batting: SHB Emmet Brickowski 0-0: Ball
1-0: Ball
2-0: Ball
3-0: Base on Balls
Batting: RHB Orlando Melendres 0-0: Ball
1-0: Foul Ball, location: 2F
1-1: Fly out, F9 (Flyball, 9, EV 95.6 MPH)
Top of the 2nd over - 6 runs, 4 hits, 0 errors, 2 left on base; Miami Beach 6 - Amarillo 0
BOTTOM OF THE 2ND
Amarillo ThunderHeads batting - Pitching for Miami Beach Marlins : RHP Ib Skovgaard
Batting: LHB Thie Hofmann 0-0: Foul Ball, location: 2F
0-1: Ball
1-1: Foul Ball, location: 2F
1-2: Strikes out swinging
Batting: LHB Mike Gruszewski 0-0: Foul Ball, location: 2F
0-1: Ground out 4-3 (Groundball, 34D, EV 80.6 MPH)
Batting: RHB Jorge Balderama 0-0: Called Strike
0-1: Called Strike
0-2: Ground out 2-3 (Groundball, 13S, EV 68.1 MPH)
Bottom of the 2nd over - 0 runs, 0 hits, 0 errors, 0 left on base; Miami Beach 6 - Amarillo 0
TOP OF THE 3RD
Miami Beach Marlins batting - Pitching for Amarillo ThunderHeads : RHP Dan Corrow
Batting: LHB Henry Huezo 0-0: Called Strike
0-1: Ball
1-1: Ball
2-1: Foul Ball, location: 2F
2-2: Foul Ball, location: 2F
2-2: Ball
3-2: Strikes out swinging
Batting: RHB Timo Myers 0-0: Ball
1-0: Ball
2-0: Called Strike
2-1: DOUBLE (Flyball, 89D, EV 104.4 MPH)
Batting: RHB Dustin Baker 0-0: Ball
1-0: Swinging Strike
1-1: Foul Ball, location: 2F
1-2: SINGLE (Groundball, 4MD, EV 94.4 MPH)
Timo Myers to third
Batting: RHB Mike Day 0-0: Swinging Strike
Pickoff Throw to First - Out! 1-3
0-1: Ground out 6-3 (Groundball, 6, EV 108.1 MPH)
Top of the 3rd over - 0 runs, 2 hits, 0 errors, 1 left on base; Miami Beach 6 - Amarillo 0
BOTTOM OF THE 3RD
Amarillo ThunderHeads batting - Pitching for Miami Beach Marlins : RHP Ib Skovgaard
Batting: RHB Shi-fu Cuan 0-0: Ball
1-0: Ball
2-0: Ball
3-0: Called Strike
3-1: Foul Ball, location: 2F
3-2: Strikes out looking
Batting: LHB Bill Mahoney 0-0: Ball
1-0: Ball
2-0: Ball
3-0: Called Strike
3-1: Foul Ball, location: 2F
3-2: Strikes out looking
Batting: RHB Dennis Underwood 0-0: Called Strike
0-1: Ball
1-1: Swinging Strike
1-2: Foul Ball, location: 2F
1-2: Strikes out swinging
Bottom of the 3rd over - 0 runs, 0 hits, 0 errors, 0 left on base; Miami Beach 6 - Amarillo 0
TOP OF THE 4TH
Miami Beach Marlins batting - Pitching for Amarillo ThunderHeads : RHP Dan Corrow
Batting: RHB Bill Atley 0-0: Called Strike
0-1: Ball
1-1: Ball
2-1: Ball
3-1: Called Strike
3-2: SINGLE (Line Drive, 6, EV 95.0 MPH)
Batting: RHB Jim Smallwood 0-0: Called Strike
Bill Atley is caught stealing 2nd base 2-4
0-1: Ball
1-1: Ball
2-1: Ball
3-1: Base on Balls
Batting: RHB Torquato Uso 0-0: Called Strike
0-1: Ball
1-1: Ball
2-1: Foul Ball, location: 2F
2-2: Ball
3-2: Strikes out swinging
Jim Smallwood steals 2nd base
Batter strikes out.
Batting: SHB Emmet Brickowski 0-0: Ball
1-0: Foul Ball, location: 2F
1-1: Ball
2-1: Foul Ball, location: 2F
2-2: Foul Ball, location: 2F
2-2: Foul Ball, location: 2F
2-2: Ball
3-2: Foul Ball, location: 2F
3-2: SINGLE (Groundball, 56S, EV 70.0 MPH) (infield hit)
Jim Smallwood to third
Batting: RHB Orlando Melendres 0-0: Ball
1-0: Called Strike
1-1: Foul Ball, location: 2F
1-2: Ball
2-2: Ball
3-2: Base on Balls
Emmet Brickowski to second
Batting: LHB Henry Huezo 0-0: Ground out 4-3 (Groundball, 4, EV 85.0 MPH)
Top of the 4th over - 0 runs, 2 hits, 0 errors, 3 left on base; Miami Beach 6 - Amarillo 0
BOTTOM OF THE 4TH
Amarillo ThunderHeads batting - Pitching for Miami Beach Marlins : RHP Ib Skovgaard
Batting: LHB Carlos Guajardo 0-0: Ball
1-0: Foul Ball, location: 2F
1-1: Ball
2-1: Fly out, F9 (Flyball, 9, EV 88.8 MPH)
Batting: RHB Eddie Vanderjagt 0-0: Foul Ball, location: 2F
0-1: Ball
1-1: Foul Ball, location: 2F
1-2: Foul Ball, location: 2F
1-2: Fly out, F5 (Line Drive, 5L, EV 71.2 MPH)
Batting: RHB Bill Flannery 0-0: Ball
1-0: Ball
2-0: Ball
3-0: Base on Balls
Batting: LHB Thie Hofmann 0-0: Foul Ball, location: 2F
0-1: SINGLE (Flyball, 8RS, EV 91.9 MPH)
Bill Flannery to second
Batting: LHB Mike Gruszewski 0-0: Swinging Strike
0-1: Foul Ball, location: 2F
0-2: Foul Ball, location: 2F
0-2: Ball
1-2: Foul Ball, location: 2F
1-2: Ball
2-2: Strikes out looking
Bottom of the 4th over - 0 runs, 1 hit, 0 errors, 2 left on base; Miami Beach 6 - Amarillo 0
TOP OF THE 5TH
Miami Beach Marlins batting - Pitching for Amarillo ThunderHeads : RHP Dan Corrow
Batting: RHB Timo Myers 0-0: Called Strike
0-1: Fly out, F4 (Popup, 4MS, EV 69.4 MPH)
Batting: RHB Dustin Baker 0-0: Ball
1-0: Called Strike
1-1: Ball
2-1: SOLO HOME RUN (Flyball, 78XD, EV 101.9 MPH), Distance : 402 ft
Pitching: RHP Vince Sumpter
Batting: RHB Mike Day 0-0: Ball
1-0: Called Strike
1-1: Ball
2-1: Foul Ball, location: 2F
2-2: Strikes out looking
Batting: RHB Bill Atley 0-0: Foul Ball, location: 2F
0-1: SINGLE (Line Drive, 6D, EV 109.4 MPH)
Batting: RHB Jim Smallwood 0-0: Ball
Bill Atley steals 2nd base
1-0: Ball
2-0: Called Strike
2-1: Foul Ball, location: 2F
2-2: Foul Ball, location: 2F
2-2: DOUBLE (Line Drive, 78D, EV 108.1 MPH)
Bill Atley scores
Batting: RHB Torquato Uso 0-0: Ball
1-0: Ball
2-0: Foul Ball, location: 2F
2-1: Called Strike
2-2: Foul Ball, location: 2F
2-2: Strikes out looking
Top of the 5th over - 2 runs, 3 hits, 0 errors, 1 left on base; Miami Beach 8 - Amarillo 0
BOTTOM OF THE 5TH
Amarillo ThunderHeads batting - Pitching for Miami Beach Marlins : RHP Ib Skovgaard
Batting: RHB Jorge Balderama 0-0: Swinging Strike
0-1: Swinging Strike
0-2: Fly out, F7 (Line Drive, 7LM, EV 95.0 MPH)
Batting: RHB Shi-fu Cuan 0-0: Foul Ball, location: 2F
0-1: Foul Ball, location: 2F
0-2: Ball
1-2: Ball
2-2: Foul Ball, location: 2F
2-2: Ground out 4-3 (Groundball, 4, EV 98.1 MPH)
Batting: LHB Bill Mahoney 0-0: Called Strike
0-1: Called Strike
0-2: Ball
1-2: Strikes out looking
Bottom of the 5th over - 0 runs, 0 hits, 0 errors, 0 left on base; Miami Beach 8 - Amarillo 0
TOP OF THE 6TH
Miami Beach Marlins batting - Pitching for Amarillo ThunderHeads : RHP Vince Sumpter
Batting: SHB Emmet Brickowski 0-0: Called Strike
0-1: Fly out, F7 (Line Drive, 7S, EV 98.8 MPH)
Batting: RHB Orlando Melendres 0-0: Swinging Strike
0-1: Ball
1-1: Ball
2-1: Swinging Strike
2-2: Ground out 6-3 (Groundball, 56, EV 80.6 MPH)
Batting: LHB Henry Huezo 0-0: Ball
1-0: Ball
2-0: Ball
3-0: Base on Balls
Batting: RHB Timo Myers 0-0: Ball
1-0: Ball
2-0: Foul Ball, location: 2F
2-1: Foul Ball, location: 2F
2-2: Ball
3-2: Fly out, F8 (Line Drive, 8LM, EV 100.0 MPH)
Top of the 6th over - 0 runs, 0 hits, 0 errors, 1 left on base; Miami Beach 8 - Amarillo 0
BOTTOM OF THE 6TH
Amarillo ThunderHeads batting - Pitching for Miami Beach Marlins : RHP Ib Skovgaard
Pitching: RHP Jimmy Serna
Batting: RHB Dennis Underwood 0-0: Called Strike
0-1: Called Strike
0-2: Strikes out swinging
Batting: LHB Carlos Guajardo 0-0: Ball
1-0: Called Strike
1-1: Ground out 6-3 (Groundball, 6, EV 78.1 MPH)
Pinch Hitting: RHB Eric Camillo 0-0: Foul Ball, location: 2F
0-1: Foul Ball, location: 2F
0-2: Foul Ball, location: 2F
0-2: Ball
1-2: Foul Ball, location: 2F
1-2: Foul Ball, location: 2F
1-2: Foul Ball, location: 2F
1-2: Ball
2-2: SINGLE (Line Drive, 34D, EV 97.5 MPH)
Batting: RHB Bill Flannery 0-0: Ball
1-0: Called Strike
1-1: Ball
2-1: Ball
Wild Pitch!
Eric Camillo to second
3-1: Called Strike
3-2: Fly out, F8 (Flyball, 8LM, EV 92.5 MPH)
Bottom of the 6th over - 0 runs, 1 hit, 0 errors, 1 left on base; Miami Beach 8 - Amarillo 0
TOP OF THE 7TH
Miami Beach Marlins batting - Pitching for Amarillo ThunderHeads : RHP Vince Sumpter
Now at 2B: Tony Cisneros
Now at SS: Bill Flannery
Batting: LHB Takao Ogura 0-0: Ball
1-0: Called Strike
1-1: Foul Ball, location: 2F
1-2: Ball
2-2: Foul Ball, location: 2F
2-2: Ball
3-2: Foul Ball, location: 2F
3-2: Ground out 4-3 (Groundball, 4, EV 86.9 MPH)
Batting: RHB Mike Day 0-0: Called Strike
0-1: Ball
1-1: SINGLE (Line Drive, 89M, EV 108.8 MPH)
Pitching: RHP Dave Palmer
Pinch Hitting: RHB Jose Rolon 0-0: Swinging Strike
0-1: Foul Ball, location: 2F
0-2: Ball
1-2: Ball
2-2: Strikes out swinging
Batting: RHB Jim Smallwood 0-0: Ground out 1-3 (Groundball, 25, EV 69.4 MPH)
Top of the 7th over - 0 runs, 1 hit, 0 errors, 1 left on base; Miami Beach 8 - Amarillo 0
BOTTOM OF THE 7TH
Amarillo ThunderHeads batting - Pitching for Miami Beach Marlins : RHP Jimmy Serna
Now at SS: Jose Rolon
Batting: LHB Thie Hofmann 0-0: Called Strike
0-1: Called Strike
0-2: Foul Ball, location: 2F
0-2: Fly out, F9 (Flyball, 89S, EV 85.0 MPH)
Batting: LHB Mike Gruszewski 0-0: Ball
1-0: Swinging Strike
1-1: Foul Ball, location: 2F
1-2: Ball
2-2: Fly out, F8 (Flyball, 89D, EV 97.5 MPH)
Pinch Hitting: RHB Ovidiu Kober 0-0: Ground out 6-3 (Groundball, 6M, EV 107.5 MPH)
Bottom of the 7th over - 0 runs, 0 hits, 0 errors, 0 left on base; Miami Beach 8 - Amarillo 0
TOP OF THE 8TH
Miami Beach Marlins batting - Pitching for Amarillo ThunderHeads : RHP Dave Palmer
Now in LF: Jose Ramirez
Pinch Hitting: RHB Brian DiCiero 0-0: SINGLE (Flyball, 78S, EV 97.5 MPH)
Batting: SHB Emmet Brickowski 0-0: Called Strike
0-1: Ball
1-1: Ball
2-1: Ball
3-1: 2-RUN HOME RUN (Flyball, 9D, EV 101.9 MPH), Distance : 373 ft
Batting: RHB Orlando Melendres 0-0: Ball
1-0: Ball
2-0: Ball
3-0: Base on Balls
Batting: LHB Henry Huezo 0-0: Ball
1-0: Called Strike
1-1: Ball
Wild Pitch!
Orlando Melendres to second
2-1: Fly out, F9 (Line Drive, 9, EV 93.8 MPH)
Pinch Hitting: RHB Kazumi Inouye 0-0: Called Strike
0-1: Swinging Strike
Passed Ball!
Orlando Melendres to third
0-2: Strikes out looking
Batting: LHB Takao Ogura 0-0: Swinging Strike
0-1: Ball
1-1: Foul Ball, location: 2F
1-2: Ball
2-2: Strikes out swinging
Top of the 8th over - 2 runs, 2 hits, 0 errors, 1 left on base; Miami Beach 10 - Amarillo 0
BOTTOM OF THE 8TH
Amarillo ThunderHeads batting - Pitching for Miami Beach Marlins : RHP Jimmy Serna
Now at 1B: Kazumi Inouye
Now at 2B: Emmet Brickowski
Now at 3B: Chris Harlow
Batting: RHB Shi-fu Cuan 0-0: Foul Ball, location: 2F
0-1: Ball
1-1: Called Strike
1-2: Ball
2-2: Ground out 6-3 (Groundball, 56, EV 101.9 MPH)
Batting: LHB Bill Mahoney 0-0: Called Strike
0-1: Ball
1-1: Foul Ball, location: 2F
1-2: Strikes out swinging
Batting: RHB Dennis Underwood 0-0: Called Strike
0-1: Foul Ball, location: 2F
0-2: Ball
1-2: Strikes out swinging
Bottom of the 8th over - 0 runs, 0 hits, 0 errors, 0 left on base; Miami Beach 10 - Amarillo 0
TOP OF THE 9TH
Miami Beach Marlins batting - Pitching for Amarillo ThunderHeads : RHP Dave Palmer
Pitching: RHP Adam Montag
Pinch Hitting: LHB Luis Ortegon 0-0: Swinging Strike
0-1: Called Strike
0-2: Ball
1-2: Ball
2-2: Ball
3-2: Foul Ball, location: 2F
3-2: Base on Balls
Batting: RHB Jose Rolon 0-0: Ball
1-0: Ball
2-0: Called Strike
2-1: Swinging Strike
2-2: Ball
3-2: Ground out 5-3 (Groundball, 56S, EV 85.6 MPH)
Luis Ortegon to second
Batting: RHB Jim Smallwood 0-0: Called Strike
0-1: Ball
1-1: Ground out 1-3 (Groundball, 25, EV 66.9 MPH)
Batting: RHB Chris Harlow 0-0: Ground out U3 (Groundball, 3, EV 90.6 MPH)
Top of the 9th over - 0 runs, 0 hits, 0 errors, 1 left on base; Miami Beach 10 - Amarillo 0
BOTTOM OF THE 9TH
Amarillo ThunderHeads batting - Pitching for Miami Beach Marlins : RHP Jimmy Serna
Now in RF: Luis Ortegon
Pinch Hitting: RHB Nick Hernandes 0-0: Ball
1-0: Foul Ball, location: 2F
1-1: Foul Ball, location: 2F
1-2: Strikes out swinging
Pitching: RHP Konoye Murakami
Batting: LHB Tony Cisneros 0-0: SINGLE (Groundball, 34D, EV 94.4 MPH)
Batting: RHB Bill Flannery 0-0: Ball
1-0: Foul Ball, location: 2F
1-1: Swinging Strike
1-2: Ball
2-2: Fly out, F9 (Line Drive, 9S, EV 93.8 MPH)
Batting: LHB Thie Hofmann 0-0: Called Strike
0-1: Ball
1-1: Foul Ball, location: 2F
1-2: Strikes out swinging
Bottom of the 9th over - 0 runs, 1 hit, 0 errors, 1 left on base; Miami Beach 10 - Amarillo 0
Sunday, July 16th , 2023 - OOTP Baseball 24.6 Build 69